 Dungeon Crawl Stone Soup version 0.29-a0-284-gf9362112df (webtiles) character file.

Game seed: 14970092545838342423

190 avis the Skirmisher (level 5, -2/37 HPs)
             Began as an Octopode Transmuter on Mar 21, 2022.
             Slain by an ogre
             ... wielding a +0 giant spiked club
              (39 damage)
             ... on level 6 of the Dungeon.
             The game lasted 00:14:52 (3463 turns).

avis the Skirmisher (Octopode Transmuter)           Turns: 3463, Time: 00:14:53

Health: -2/37      AC:  2    Str: 11    XL:     5   Next: 69%
Magic:  5/8        EV: 20    Int: 22    God:
Gold:   129        SH:  0    Dex: 17    Spells: 0/8 levels left

rFire   . . .      SeeInvis .     - Unarmed
rCold   . . .      Faith    .   (shield currently unavailable)
rNeg    . . .      Spirit   .   (helmet currently unavailable)
rPois   x          Reflect  .   (no amulet)
rElec   .          Harm     .   n - +6 ring of intelligence
rCorr   .          Rampage  .   (no ring)
Will    .....                   (no ring)
Stlth   ++........              (no ring)
HPRegen 0.12/turn               (no ring)
MPRegen 0.11/turn               (no ring)
                                (no ring)
                                (no ring)

@: spider-form
A: venomous fangs, almost no armour, (amphibious), 8 rings, tiny, (camouflage
1), (gelatinous body 1), (nimble swimmer 1), (tentacles)
a: End Transformation


You were on level 6 of the Dungeon.
You were a venomous arachnid creature.
You visited 1 branch of the dungeon, and saw 4 of its levels.

You collected 129 gold pieces.

Inventory:

Hand Weapons
 c - a +0 hunting sling
 e - a +0 quarterstaff
Missiles
 d - 106 stones
 k - 3 boomerangs (quivered)
Jewellery
 n - a +6 ring of intelligence (left front leg)
Scrolls
 b - a scroll of vulnerability {unknown}
 f - 3 scrolls of identify {unknown}
 h - a scroll of fear {unknown}
 i - a scroll of amnesia {unknown}
 l - a scroll of teleportation {unknown}
 m - a scroll of enchant weapon {unknown}
Potions
 a - 5 potions of lignification
 g - a potion of magic {unknown}
 j - a potion of mutation {unknown}


   Skills:
 - Level 4.0 Fighting
 * Level 2.8 Dodging
 - Level 3.0 Stealth
 - Level 3.0 Unarmed Combat
 - Level 2.0 Spellcasting
 - Level 2.0 Transmutations
 - Level 2.0 Poison Magic


You couldn't memorise any spells.
You knew the following spells:

 Your Spells              Type           Power      Damage    Failure   Level
a - Beastly Appendage     Tmut           22%        N/A       17%         1
p - Spider Form           Tmut/Pois      11%        N/A       38%         3
q - Ice Form              Ice/Tmut       6%         N/A       83%         4

Your spell library contained the following spells:

 Spells                   Type           Power      Damage    Failure   Level
 Sting                    Tmut/Pois      44%        1d5       17%         1
 Wereblood                Tmut           11%        N/A       22%         2
 Pain                     Necr           8%         1d4       32%         1
 Poisonous Vapours        Pois/Air       12%        N/A       32%         2
 Olgreb's Toxic Radiance  Pois           11%        N/A       73%         4
 Agony                    Necr           2%         N/A       99%         5
 Excruciating Wounds      Necr           1%         N/A       99%         5


Dungeon Overview and Level Annotations

Branches:
Dungeon (3/15)

Altars:


Innate Abilities, Weirdness & Mutations

You are a venomous arachnid creature.
You have poisonous fangs.
You are tiny and dextrous.
Your spellcasting is less reliable in this form.
Your armour is entirely melded.
You are incapable of wielding weapons or throwing items.
You cannot wear most types of armour.
((You are amphibious.))
You can wear up to eight rings at the same time.
((Your skin changes colour to match your surroundings (Stealth+).))
((Your rubbery body absorbs attacks. (AC +1, EV +1)))
((You are camouflaged when in or above water. (Stealth+)))
((You have tentacles for arms and can constrict up to eight enemies at once.))


Message History

Your Fighting skill increases to level 4!
You need to enable at least one skill for training.
Training target 3.0 for Stealth reached!
Your Stealth skill gained 2 levels and is now at level 3!
You need to enable at least one skill for training.
You have reached level 5!
You feel clever.
Your transformation has ended.
Found a Young Poisoner's Handbook.
You pick up a Young Poisoner's Handbook and begin reading...
You add the spells Sting, Poisonous Vapours and Olgreb's Toxic Radiance to your library.
Okay, then.
This spell is potentially lethal to cast!
Memorise Ice Form, consuming 4 spell levels and leaving 0?
You start memorising the spell.
You continue memorising. x4
You finish memorising.
Spell assigned to 'b'.
Adjust (i)tems, (s)pells, or (a)bilities?
Adjust which spell? b - Ice Form Adjust to which letter? q - Ice Form An adder comes into view.
Found a peridot ring.
n - a +6 ring of intelligence You feel clever.
n - a +6 ring of intelligence (left tentacle)
Found 2 fuming dark potions.
A howler monkey comes into view.
Found a robe.
An ogre comes into view. It is wielding a +0 giant spiked club.
The ogre shouts!
Casting: Spider Form (quite dangerous; 19% risk of failure)
Confirm with . or Enter, or press ? or * to list all spells.
The spell is quite dangerous to miscast (19% risk of failure)!
Continue anyway?
You turn into a venomous arachnid creature.
You hit the ogre.
The ogre is poisoned.
The ogre is moderately wounded.
The ogre hits you with a +0 giant spiked club!!!
Ouch! That really hurt!
You die...

....................
##.................. ..
# ##............O... ..
####...............##.#
................# ..#
#####...[.....# ..# #
#......##.## #.#
#......###.###.# #
##..##...##.Os..# #
#.#......##..#### #
#.........###.
#########.# ## ###


You could see an ogre (very poisoned).

Vanquished Creatures
  A water moccasin (D:6)
  4 gnolls
  An adder (D:2)
  An orc (D:2)
  4 ball pythons
  5 endoplasms
  2 giant cockroaches
  4 goblins
  A hobgoblin (D:1)
  5 jackals
  3 kobolds
  A quokka (D:2)
  4 bats
  3 rats
39 creatures vanquished.

Vanquished Creatures (others)
  3 bushes (D:2)
  2 fungi (D:2)
5 creatures vanquished.

Grand Total: 44 creatures vanquished

Notes
Turn   | Place    | Note
-------+----------+-------------------------------------------
     0 | D:1      | avis the Octopode Transmuter began the quest for the Orb.
     0 | D:1      | Reached XP level 1. HP: 13/13 MP: 3/3
   128 | D:1      | Reached skill level 2 in Fighting
   128 | D:1      | Reached XP level 2. HP: 14/19 MP: 3/5
   207 | D:1      | Reached skill level 1 in Stealth
  1316 | D:2      | Reached XP level 3. HP: 24/25 MP: 6/6
  1333 | D:1      | Learned a level 3 spell: Spider Form
  1614 | D:2      | Reached skill level 3 in Fighting
  1614 | D:2      | Reached skill level 1 in Poison Magic
  2380 | D:2      | Found a faded altar of an unknown god.
  2730 | D:1      | Reached XP level 4. HP: 27/31 MP: 4/7
  3266 | D:3      | You fall into a shaft and drop 3 floors!
  3272 | D:6      | Noticed a water moccasin
  3273 | D:6      | Noticed a water moccasin
  3288 | D:6      | Killed a water moccasin
  3289 | D:6      | Reached skill level 4 in Fighting
  3289 | D:6      | Reached XP level 5. HP: 30/37 MP: 5/8
  3313 | D:6      | Learned a level 4 spell: Ice Form
  3453 | D:6      | Noticed an ogre
  3463 | D:6      | Slain by an ogre

Illustrated notes

Levels and vault maps discovered:
D:1:      scummos_arrival_gate, layout_loops_cross, minmay_misc_feat_columns
D:2:      layout_basic, ebering_ecumenical_altar_hall, minmay_hedge_maze,
          dreamdust_mushroom_princess
D:3:      layout_loops_ring
D:6:      layout_layer_cave, nemelex_diamond_rough_becter

Skill      XL: |  1  2  3  4 |
---------------+-------------+-----
Fighting       | 2 3 4 |  4.0
Stealth        | 1 3 |  3.0
Poison Magic   | 2 |  2.0
Dodging        | |  2.8
Unarmed Combat | |  3.0
Spellcasting   | |  2.0
Transmutations | |  2.0

Action                   |  1- 3 |  4- 6 || total
-------------------------+-------+-------++-------
Melee: Unarmed           |    76 |    34 ||   110
       Constrict         |    12 |     2 ||    14
       Kick              |    11 |     4 ||    15
       Tentacles         |     5 |       ||     5
       Punch             |     2 |       ||     2
Throw: Boomerang         |     2 |       ||     2
 Cast: Beastly Appendage |    20 |     2 ||    22
       Spider Form       |     5 |     8 ||    13
  Use: Potion            |     2 |       ||     2
 Stab: Sleeping          |     6 |     1 ||     7
Armor: Skin              |    11 |     1 ||    12
Dodge: Dodged            |    56 |    29 ||    85

Table legend: (Time is in decaauts)
 A = Elapsed time spent in this place.
 B = Non-inter-level travel time spent in this place.
 C = Inter-level travel time spent in this place.
 D = Time resting spent in this place.
 E = Time spent auto-exploring this place.
 F = Levels seen in this place.
 G = Mean time per level.
                   A        B        C        D        E       F      G
               +--------+--------+--------+--------+--------+-----+--------+
         Total |   3465 |   3374 |     91 |   1248 |   1332 |   4 |  866.2 |
       Dungeon |   3465 |   3374 |     91 |   1248 |   1332 |   4 |  866.2 |
               +--------+--------+--------+--------+--------+-----+--------+

Top non-repeatable levels by time:
     D:1: 2033 daAuts
     D:2: 1148 daAuts
     D:6: 195 daAuts
     D:3: 88 daAuts
